 Dungeon Crawl Stone Soup version 0.29.1-15-g9cfb28693d (webtiles) character file.

Game seed: 6114028520341733719

339 Descartes the Ducker (level 6, -1/25 HPs)
             Began as a Felid Transmuter on Apr 4, 2023.
             Slain by a black bear (3 damage)
             ... on level 5 of the Dungeon.
             The game lasted 00:08:30 (4989 turns).

Descartes the Ducker (Felid Transmuter)             Turns: 4989, Time: 00:08:31

Health: -1/25      AC:  2    Str:  8    XL:     6   Next: 29%
Magic:  9/10       EV: 20    Int: 14    God:
Gold:   150        SH:  0    Dex: 17    Spells: 8/9 levels left
                                        Lives:  0   Deaths: 1

rFire   . . .      SeeInvis +     - Unarmed
rCold   . . .      Faith    .   (shield unavailable)
rNeg    . . .      Spirit   .   (body armour unavailable)
rPois   .          Reflect  .   (helmet unavailable)
rElec   .          Harm     .   (cloak unavailable)
rCorr   .          Rampage  .   (gloves unavailable)
Will    .....                   (boots unavailable)
Stlth   ++........              (no amulet)
HPRegen 0.08/turn               (no ring)
MPRegen 0.12/turn               (no ring)

@: appendages, quick
A: horns 2, very small, claws 1, fangs 3, see invisible, speed 1, shaggy fur 2,
stealthy paws, no weapons or thrown items, no armour, multi-lived
a: End Transformation


You were on level 5 of the Dungeon.
You had temporarily grown beastly horns.
You visited 1 branch of the dungeon, and saw 5 of its levels.

You collected 150 gold pieces.

Inventory:

Jewellery
 e - a +6 ring of intelligence
 p - a ring of positive energy
 t - a ring of wizardry
Wands
 s - a wand of flame (6)
Scrolls
 c - 2 scrolls of vulnerability {unknown}
 d - a scroll of enchant armour {unknown}
 f - 2 scrolls of torment {unknown}
 g - 3 scrolls of teleportation {unknown}
 i - 2 scrolls of butterflies {unknown}
 l - 3 scrolls of enchant weapon {unknown}
 m - 2 scrolls of fear {unknown}
 n - 4 scrolls of identify {unknown}
 o - 2 scrolls of amnesia {unknown}
 v - a scroll of noise {unknown}
 x - a scroll of acquirement {unknown}
Potions
 a - 2 potions of resistance {unknown}
 b - a potion of might {unknown}
 h - 2 potions of degeneration {unknown}
 j - a potion of mutation {unknown}
 k - a potion of flight {unknown}
 q - 2 potions of curing
 r - a potion of attraction {unknown}
 u - a potion of cancellation {unknown}
 w - a potion of invisibility {unknown}
 z - a potion of heal wounds {unknown}


   Skills:
 - Level 1.0 Fighting
 + Level 5.8 Dodging
 - Level 3.0 Stealth
 + Level 5.0 Unarmed Combat
 - Level 2.0 Spellcasting
 + Level 4.8 Transmutations


You had 8 spell levels left.
You knew the following spells:

 Your Spells              Type           Power      Damage    Failure   Level
a - Beastly Appendage     Tmut           28%        N/A       3%          1

Your spell library contained the following spells:

 Spells                   Type           Power      Damage    Failure   Level
 Wereblood                Tmut           14%        N/A       4%          2
 Spider Form              Tmut/Pois      8%         N/A       26%         3
 Call Canine Familiar     Summ           1%         N/A       56%         3
 Stone Arrow              Conj/Erth      2%         3d7       56%         3
 Ice Form                 Ice/Tmut       8%         N/A       65%         4
 Blade Hands              Tmut           7%         N/A       65%         5
 Leda's Liquefaction      Hex/Erth       0%         N/A       93%         4
 Irradiate                Conj/Tmut      4%         3d13      94%         5
 Dragon Form              Tmut           7%         N/A       100%        7
 Lehudib's Crystal Spear  Conj/Erth      0%         10d2      100%        8
 Portal Projectile        Hex/Tloc       Unusable   N/A       N/A         3
 Animate Armour           Summ/Erth      Unusable   N/A       N/A         4

Dungeon Overview and Level Annotations

Branches:
Dungeon (5/15)
 Temple: D:4-7

Altars:
Cheibriados
The Shining One


Innate Abilities, Weirdness & Mutations

You have temporarily grown beastly horns.
You have sharp claws.
You have razor-sharp teeth.
You have supernaturally acute eyesight. (SInv)
You cover ground quickly. (Speed+)
You are covered in thick fur. (AC +2)
Your paws help you pounce on unaware monsters.
You are incapable of wielding weapons or throwing items.
You cannot wear armour.
You gain extra lives every three experience levels.


Message History

The iguana misses you.
You scratch the iguana but do no damage.
You headbutt the iguana.
You kill the iguana!
Your Unarmed Combat skill increases to level 5!
No target in view!
n - 4 scrolls labelled WARCHED OGIATO (gained 1)
Your transformation is almost over.
You open the door.
There is an open door here.
A black bear comes into view.
Found 8 gold pieces.
Your horns disappear.
The black bear growls angrily.
You scratch the black bear.
The black bear is lightly wounded.
The black bear completely misses you. The black bear misses you.
The black bear barely misses you.
You scratch the black bear.
The black bear is moderately wounded.
The black bear closely misses you.
The black bear claws you but does no damage.
The black bear closely misses you.
Casting: Beastly Appendage (safe; 3% risk of failure)
Confirm with . or Enter, or press ? or * to list all spells.
You grow a pair of large bovine horns.
The black bear bites you! The black bear completely misses you.
The black bear claws you.
You scratch the black bear.
The black bear is moderately wounded.
The black bear completely misses you. x2; The black bear misses you.
You scratch the black bear.
You headbutt the black bear, but do no damage.
The black bear is moderately wounded.
The black bear misses you. The black bear claws you. x2
You claw the black bear! You headbutt the black bear!
The black bear is severely wounded.
The black bear bites you!
* * * LOW HITPOINT WARNING * * *
The black bear claws you.
You die...

############
#.....#....########
#.....+...........#
#.....#...........#
####.....##..###@.####
..........#..###h.#
..........#...#.....
..........'...#.......
...)......#...#.........
..........#...#.$.......
..........#####.......#.
####.†........#########
#..........#


You could see a black bear.

Vanquished Creatures
  An ogre (D:5)
  A phantom (D:2)
  2 scorpions
  An orc priest (D:4)
  2 iguanas
  3 adders (D:2)
  An ufetubus (D:4)
  2 worms
  5 dart slugs
  13 orcs (D:4)
  4 endoplasms
  4 giant cockroaches
  8 goblins
  3 hobgoblins
  4 jackals (D:2)
  8 kobolds
  4 quokkas
  9 ball pythons
  3 bats
  3 frilled lizards
  4 rats
85 creatures vanquished.

Notes
Turn   | Place    | Note
-------+----------+-------------------------------------------
     0 | D:1      | Descartes the Felid Transmuter began the quest for the Orb.
     0 | D:1      | Reached XP level 1. HP: 9/9 MP: 4/4
   306 | D:1      | Reached XP level 2. HP: 12/12 MP: 4/6
   324 | D:1      | Found a faded altar of an unknown god.
   367 | D:1      | Reached skill level 1 in Stealth
  1410 | D:2      | Reached XP level 3. HP: 7/15 MP: 5/7
  1811 | D:2      | Noticed a phantom
  2217 | D:2      | Killed a phantom
  2218 | D:2      | Reached XP level 4. HP: 6/19 MP: 6/8
  2448 | D:2      | Reached XP level 5. HP: 22/22 MP: 7/9
  3068 | D:3      | Found a snail-covered altar of Cheibriados.
  4018 | D:4      | Reached skill level 5 in Dodging
  4018 | D:4      | Gained mutation: You are covered in thick fur. (AC +2)
                  | [Felid growth]
  4018 | D:4      | Reached XP level 6. HP: 20/25 MP: 8/10
  4327 | D:4      | Found a glowing golden altar of the Shining One.
  4740 | D:5      | Entered Level 5 of the Dungeon
  4740 | D:5      | Noticed a wyvern
  4746 | D:5      | HP: 1/25 [wyvern (8)]
  4756 | D:4      | Slain by a wyvern
  4757 | D:4      | Reached XP level 5. HP: -4/22 MP: 9/9
  4766 | D:5      | Noticed an ogre
  4775 | D:5      | Killed an ogre
  4805 | D:5      | Reached XP level 6. HP: 15/25 MP: 10/10
  4967 | D:5      | Reached skill level 5 in Unarmed Combat
  4989 | D:5      | Slain by a black bear

Illustrated notes

Levels and vault maps discovered:
D:1:      dpeg_arrival_water_temple_mockup, layout_loops_corners,
          hellmonk_ecumenical_altar_leap_of_faith, minivault_23
D:2:      layout_basic, serial_corexii_hall, chequers_hall_statues_corner_a,
          corexii_hall_statues_x, minivault_26
D:3:      wander_river, layout_basic, mainiacjoe_overflow_boulevard
D:4:      layout_basic, mainiacjoe_overflow_alcove_4
D:5:      layout_gridville, yredelemnul_forgotten_temple_becter, uniq_edmund

Skill      XL: |  1  2  3  4  5  6 |
---------------+-------------------+-----
Dodging        | 3 4 5 |  5.8
Stealth        | 1 3 |  3.0
Transmutations | 3 4 |  4.8
Unarmed Combat | 4 5 |  5.0
Fighting       | |  1.0
Spellcasting   | |  2.0

Action                   |  1- 3 |  4- 6 || total
-------------------------+-------+-------++-------
Melee: Unarmed           |    97 |   131 ||   228
       Headbutt          |    20 |    26 ||    46
       Bite              |    13 |     8 ||    21
       Punch             |     2 |     4 ||     6
 Cast: Beastly Appendage |    28 |    37 ||    65
  Use: Potion            |       |     2 ||     2
 Stab: Sleeping          |     2 |     8 ||    10
Armor: Skin              |     6 |    12 ||    18
Dodge: Dodged            |    76 |    91 ||   167
